 Dungeon Crawl Stone Soup version 0.13-a0-2156-ga9a2eb8 (webtiles) character file.

4021 Grabo the Martial Artist (level 9, -4/66 HPs)
             Began as a Pale Draconian Transmuter on June 30, 2013.
             Was an Initiate of Okawaru.
             Slain by a killer bee (7 damage)
             ... on Level 7 of the Dungeon.
             The game lasted 00:33:31 (10862 turns).

Grabo the Martial Artist (DrTm)                    Turns: 10862, Time: 00:33:31

HP  -4/66        AC  7     Str 11      XL: 9   Next: 89%
MP  13/13        EV 12     Int 13 (14) God: Okawaru [......]
Gold 344         SH  0     Dex 14 (17) Spells:  3 memorised,  3 levels left

Res.Fire  : . . .   See Invis. : .     - Unarmed
Res.Cold  : . . .   Warding    : .   (armour unavailable)
Life Prot.: . . .   Conserve   : .   (no shield)
Res.Poison: .       Res.Corr.  : +   (helmet restricted)
Res.Elec. : .       Clarity    : .   (no cloak)
Sust.Abil.: . .     Spirit.Shd : .   (no gloves)
Res.Mut.  : .       Stasis     : .   (no boots)
Res.Rott. : .       Flight     : .   s - amulet of resist corrosion {unknown}
Saprovore : . . .                    (no ring)
                                     (no ring)

@: slightly resistant to hostile enchantments, unstealthy
A: breathe steam, unfitting armour, carnivore 1, deformed body, deterioration 1,
screaming 1, slow healing 1, AC +7, Str -1, Dex +2
a: Breathe Steam, Renounce Religion


You were on level 7 of the Dungeon.
You worshipped Okawaru.
Okawaru was pleased with you.
You were not hungry.

You visited 2 branches of the dungeon, and saw 9 of its levels.

You collected 324 gold pieces.

Inventory:

Hand weapons
 a - a +2,+1 sling of velocity
Missiles
 l - 34 stones (quivered)
 p - a throwing net
Magical devices
 b - a wand of random effects (13) {unknown}
 B - a wand of polymorph (2)
Comestibles
 f - an apple
 h - a honeycomb
 j - a lychee
 m - 3 bread rations
 o - a beef jerky
 z - a meat ration
Scrolls
 e - 3 scrolls of blinking
 g - 3 scrolls of teleportation
 i - 4 scrolls of remove curse {unknown}
 k - 3 scrolls of magic mapping
 q - 2 scrolls of enchant armour {unknown}
 u - a scroll of enchant weapon I
 v - a scroll of recharging {unknown}
Jewellery
 s - an amulet of resist corrosion (around neck) {unknown}
 A - an uncursed amulet of resist mutation {unknown}
Potions
 c - 4 potions of heal wounds
 n - 3 potions of resistance
 r - a potion of restore abilities
 t - 2 potions of might
Books
 d - a book of Changes

   Spells                             Type                      Level
   *Beastly Appendage                 Transmutation                1
   Sticks to Snakes                   Transmutation                2
   *Spider Form                       Transmutation/Poison         3
   Ice Form                           Ice/Transmutation            4
   *Blade Hands                       Transmutation                5


   Skills:
 - Level 1.1 Fighting
 - Level 1.7 Dodging
 + Level 9.9 Unarmed Combat
 - Level 2.0 Spellcasting
 + Level 9.7 Transmutations


You had 3 spell levels left.
You knew the following spells:

 Your Spells              Type           Power        Failure   Level  Hunger
a - Beastly Appendage     Trmt           ####..       1%          1    ##.....
b - Spider Form           Trmt/Pois      ##........   12%         3    ####...
c - Blade Hands           Trmt           ####......   14%         5    ######.


Dungeon Overview and Level Annotations

Branches:
Dungeon (8/27)             Temple (1/1) D:7
    Orc: D:6-11        Lair: D:8-13

Altars:
Ashenzari
Cheibriados
Elyvilon
Fedhas
Kikubaaqudgha
Makhleb
Nemelex Xobeh
Okawaru
Sif Muna
Trog
Vehumet
Xom
Yredelemnul
Zin
the Shining One


Innate Abilities, Weirdness & Mutations

You can breathe blasts of scalding steam.*
Your pale cyan-grey scales are hard (AC +7).*
Your body does not fit into most forms of armour.
Your cold-blooded metabolism reacts poorly to cold.
You are agile (Dex +1).
Your digestive system is specialised to digest meat.
Your body is misshapen.*
Your body is slowly deteriorating.
Your muscles are flexible, but weak (Str -1, Dex +1).
You occasionally shout uncontrollably.
You heal slowly.


Message History

You climb upwards.
There is a stone staircase leading down here.
You miss the killer bee. The killer bee stings you.
* * * LOW HITPOINT WARNING * * *
You are poisoned.
The killer bee poisons you!
You miss the killer bee.
Your tail-slap misses the killer bee.
* * * LOW HITPOINT WARNING * * *
You feel sick. The killer bee stings you.
* * * LOW HITPOINT WARNING * * *
The killer bee stings you.
* * * LOW HITPOINT WARNING * * *
You barely miss the killer bee. The killer bee closely misses you.
You punch the killer bee!
The killer bee is severely wounded.
* * * LOW HITPOINT WARNING * * *
You feel sick.
You feel better. The killer bee closely misses you. The killer bee stings you!
You die...

####.# #.## ##.......####.
####.# #.# #.............
.<...#######.# ##.......#####
####.........# ##.....##
#.######### ########...#######
#.##...## #........≈§≈.....)
#.#.<...## #.#.....≈≈§≈≈..###
####........#
#.#.###≈≈≈§≈§≈.###
............#
#@#.###≈≈§>§§≈....
###.....>...#
#k...##≈≈≈≈≈≈≈####
#.##.....#####....##.≈≈≈≈≈.# #
#..................%..≈≈≈..#
###..###.............((.....##
....%...#######.......#######
###.###.............### ###.#
###########...# ....# #####


You could see a killer bee.

Vanquished Creatures
  An item mimic (D:7)
  Eustachio (D:4)
  An ice beast (D:5)
  4 orc warriors
  A phantom (D:5)
  An ogre (D:6)
  3 centaurs
  A yellow wasp (D:6)
  3 sky beasts
  Sigmund (D:4)
  Duvessa (D:4)
  A centaur zombie (D:6)
  4 giant frogs
  A centaur skeleton (D:6)
  6 killer bees
  2 crimson imps (D:6)
  4 hounds
  2 quasits (D:7)
  Dowan (D:4)
  An iguana (D:5)
  2 orc priests (D:6)
  13 orc wizards
  A hound skeleton (D:5)
  8 worker ants
  Terence (D:3)
  7 gnolls
  10 adders
  2 giant mites (D:6)
  6 worms
  4 giant geckos
  33 orcs
  A ball python (D:2)
  4 giant cockroaches
  16 goblins
  7 hobgoblins
  2 jackals (D:1)
  10 kobolds
  4 quokkas
  13 bats
  3 giant newts
  A hobgoblin zombie (D:7)
  A jackal skeleton (D:5)
  An orc skeleton (D:6)
  8 rats
  A rat skeleton (D:4)
199 creatures vanquished.

Vanquished Creatures (others)
  A hobgoblin (D:2)
  A butterfly (D:6)
2 creatures vanquished.

Grand Total: 201 creatures vanquished

Notes
Turn   | Place    | Note
--------------------------------------------------------------
     0 | D:1      | Grabo, the Draconian Transmuter, began the quest for the Orb.
     0 | D:1      | Reached XP level 1. HP: 16/16 MP: 1/1
   198 | D:1      | Reached XP level 2. HP: 15/23 MP: 3/3
  1185 | D:2      | HP: 1/23 [adder (3)]
  1187 | D:2      | Reached XP level 3. HP: 26/28 MP: 2/4
  1401 | D:1      | Learned a level 3 spell: Spider Form
  1417 | D:1      | Reached skill level 4 in Unarmed Combat
  1706 | D:2      | Reached XP level 4. HP: 30/35 MP: 6/6
  1937 | D:2      | Found a deep blue altar of Sif Muna.
  2502 | D:3      | Reached XP level 5. HP: 33/40 MP: 7/7
  2657 | D:3      | Noticed Terence
  2694 | D:3      | Killed Terence
  2847 | D:3      | Reached skill level 5 in Unarmed Combat
  4144 | D:4      | Noticed Sigmund
  4227 | D:5      | Entered Level 5 of the Dungeon
  4276 | D:5      | Found a white marble altar of Elyvilon.
  4359 | D:4      | Noticed Eustachio
  4368 | D:5      | Reached XP level 6. HP: 22/47 MP: 5/9
  4484 | D:4      | Killed Eustachio
  4484 | D:4      | Reached skill level 5 in Transmutations
  4653 | D:4      | Reached skill level 6 in Unarmed Combat
  5237 | D:4      | Noticed Duvessa
  5239 | D:4      | Noticed Dowan
  5250 | D:4      | Killed Duvessa
  5250 | D:4      | Your scales start fading to a pale cyan-grey colour.
  5250 | D:4      | Reached XP level 7. HP: 45/52 MP: 6/10
  5303 | D:4      | Killed Dowan
  5546 | D:4      | Killed Sigmund
  5641 | D:5      | Learned a level 5 spell: Blade Hands
  5881 | D:5      | Found a bloodstained altar of Trog.
  5883 | D:5      | Found a shimmering altar of Xom.
  5977 | D:5      | Noticed an ice beast
  5991 | D:5      | Killed an ice beast
  6010 | D:5      | Noticed a phantom
  6050 | D:5      | Killed a phantom
  6050 | D:5      | Reached skill level 7 in Unarmed Combat
  6076 | D:5      | Reached XP level 8. HP: 24/60 MP: 12/12
  6940 | D:6      | Found a glowing silver altar of Zin.
  7379 | D:5      | Gained mutation: Your muscles are strong (Str +1). [potion of mutation]
  7379 | D:5      | Gained mutation: Your muscles are flexible, but weak (Str -1, Dex +1). [potion of mutation]
  7379 | D:5      | Gained mutation: Your body is misshapen. [potion of mutation]
  7380 | D:5      | Gained mutation: You are agile (Dex +1). [potion of mutation]
  7380 | D:5      | Gained mutation: Your body is slowly deteriorating. [potion of mutation]
  7381 | D:5      | Gained mutation: You occasionally shout uncontrollably. [potion of mutation]
  7381 | D:5      | Lost mutation: Your muscles are strong (Str +1). [potion of mutation]
  7381 | D:5      | Gained mutation: You heal slowly. [potion of mutation]
  7411 | D:6      | Reached skill level 8 in Unarmed Combat
  7451 | D:6      | Gained mutation: Your digestive system is specialised to digest meat. [potion of beneficial mutation]
  7578 | D:6      | Paralysed by a yellow wasp for 1 turns
  7734 | D:6      | Reached XP level 9. HP: 18/66 MP: 7/13
  8100 | D:6      | Found a burning altar of Makhleb.
  8100 | D:6      | Noticed a green death
  8103 | D:6      | Noticed an orange demon
  8547 | D:6      | HP: 1/66 [ogre/giant club (26)]
  8938 | D:6      | Found an ancient bone altar of Kikubaaqudgha.
  9475 | D:7      | Reached skill level 9 in Unarmed Combat
  9803 | D:7      | Killed a scroll mimic
 10192 | D:7      | Found a staircase to the Ecumenical Temple.
 10235 | Temple   | Entered the Ecumenical Temple
 10312 | Temple   | Became a worshipper of Warmaster Okawaru
 10622 | D:7      | Found a sparkling altar of Nemelex Xobeh.
 10862 | D:7      | HP: 3/66 [poisoned by a killer bee]
 10862 | D:7      | Slain by a killer bee

Action                   |  1- 3 |  4- 6 |  7- 9 || total
-------------------------+-------+-------+-------++-------
Melee: Unarmed           |   148 |   220 |   559 ||   927
 Fire: Sling             |    16 |    26 |       ||    42
Throw: Stone             |       |     3 |     3 ||     6
 Cast: Beastly Appendage |     3 |     1 |     2 ||     6
       Spider Form       |       |    10 |     8 ||    18
       Blade Hands       |       |       |     7 ||     7
 Abil: End Transformatio |       |     1 |     3 ||     4
       Breathe Steam     |       |       |     8 ||     8
Evoke: Wand              |       |       |     2 ||     2
  Use: Potion            |     1 |     2 |     9 ||    12
       Scroll            |       |    14 |     5 ||    19
 Stab: Sleeping          |       |     1 |       ||     1
